 Dungeon Crawl Stone Soup version 0.15-a0-1269-g8ca96ae (webtiles) character file.

434 Quh the Shooter (level 6, -1/43 HPs)
             Began as a Demonspawn Hunter on June 5, 2014.
             Killed by nerve-wracking pain
             ... invoked by Grinder
              (5 damage)
             ... on Level 4 of the Dungeon.
             The game lasted 00:19:50 (4213 turns).

Quh the Shooter (Demonspawn Hunter)                 Turns: 4213, Time: 00:19:50

HP  -1/43        AC  6     Str 13      XL: 6   Next: 67%
MP   6/6         EV 11     Int 14      God:
Gold 219         SH  0     Dex 13      Spells:  0 memorised,  5 levels left

rFire  . . .     SeeInvis .     b - +1,+2 shortbow
rCold  . . .     Clarity  .     C - +0 leather armour
rNeg   + . .     rCorr    .     (no shield)
rPois  +         rRot     .     (no helmet)
rElec  .         Spirit   .     (no cloak)
SustAb .         Warding  +     n - +1 pair of gloves
rMut   .         Stasis   .     (no boots)
Gourm  .                        q - amulet of warding
MR     .....                    (no ring)
                                y - ring of poison resistance

@: very slightly contaminated, invisible, not resistant to hostile enchantments,
very unstealthy
A: talons 1, icy blue scales 1, demonic guardian 1
a: no special abilities


You were on level 4 of the Dungeon.
You were hungry.

You visited 1 branch of the dungeon, and saw 4 of its levels.

You collected 219 gold pieces.

Inventory:

Hand weapons
 a - a +0,+1 dagger of venom
 b - a +1,+2 shortbow (weapon)
 o - a +0,+0 short sword
 u - a +0,+0 short sword
 D - a +0,+0 short sword
Missiles
 k - 42 stones
 l - 21 bolts
 z - 9 arrows (quivered)
Armour
 c - a +0 chain mail
 d - a +0 leather armour
 m - a +0 leather armour
 n - a +1 pair of gloves (worn)
 t - a +0 scale mail
 A - a +0 leather armour
 B - a +0 scale mail
 C - a +0 leather armour (worn)
Comestibles
 f - 2 bread rations
 F - a rotting chunk of giant newt flesh
Scrolls
 e - 2 scrolls of identify
 h - a scroll of enchant weapon II
 i - a scroll of immolation {unknown}
 p - a scroll of enchant armour
 r - 3 scrolls of enchant weapon I {unknown}
 s - a scroll of remove curse {unknown}
 w - a scroll of magic mapping {unknown}
 x - a scroll of teleportation {unknown}
Jewellery
 q - an amulet of warding (around neck)
 y - a ring of poison resistance (left hand)
Potions
 j - 3 potions of curing {unknown}
 v - a potion of restore abilities {unknown}
 E - a potion of cure mutation {unknown}


   Skills:
 - Level 1.0 Fighting
 * Level 7.4 Bows
 - Level 1.7 Dodging
 - Level 0.8 Stealth


You had 5 spell levels left.
You didn't know any spells.

Dungeon Overview and Level Annotations

Branches:
Dungeon (4/15)
 Temple: D:4-7

Altars:
Ashenzari
Dithmenos
Gozag
Kikubaaqudgha
Nemelex Xobeh
Zin

Annotations:
D:4 Grinder


Innate Abilities, Weirdness & Mutations

You have sharp toenails.
You are partially covered in icy blue scales (AC +1).
A weak demonic guardian rushes to your aid.


Message History

* * * LOW HITPOINT WARNING * * *
Something hits you but does no damage.
Things that are here:
a dagger; a robe; an orc corpse
Things that are here:
a dagger; a robe; an orc corpse Pain shoots through your body!
* * * LOW HITPOINT WARNING * * *
Read which item? (? for menu, Esc to quit)
As you read the scroll labeled NIMPET ENELEI, it crumbles to dust.
It is a scroll of enchant weapon II.
Enchant which weapon? (? for menu, Esc to quit)
Your +1,+1 shortbow glows red for a moment.
Something hits you but does no damage.
Drink which item? (? for menu, Esc to quit)
You fade into invisibility!
Something hits you but does no damage.
You are very lightly contaminated with residual magic.
Pain shoots through your body!
You die...

....).....................
...........................
..............[............
.............[.............
..........................
...................>.....$
..............)...........
..........................
...............@.........
.....###...####.#......#
.#### ##.## #......#.# ###
##)#.### ##.### #...# ##<##
###


There were no monsters in sight!

Vanquished Creatures
  3 vampire bats (D:3)
  2 orc priests
  An orc wizard (D:4)
  A worker ant (D:3)
  An ogre skeleton (D:4)
  An inept feature mimic (D:3)
  5 adders
  A worm (D:2)
  3 giant geckos
  2 oozes
  7 orcs
  12 bats
  3 bat skeletons (D:3)
  2 bat zombies (D:3)
  6 giant cockroaches
  13 hobgoblins
  4 jackals (D:2)
  3 ball pythons
  13 giant newts
  3 goblins
  14 kobolds
  A quokka (D:2)
  4 rats
105 creatures vanquished.

Vanquished Creatures (collateral kills)
  An ogre (D:3)
  An orc wizard (D:4)
  An orc (D:4)
  A rat (D:4)
4 creatures vanquished.

Vanquished Creatures (others)
  2 iron imps (D:3)
  3 crimson imps (D:3)
  4 quasits (D:3)
  2 ufetubi
  3 white imps
14 creatures vanquished.

Grand Total: 123 creatures vanquished

Notes
Turn   | Place    | Note
--------------------------------------------------------------
     0 | D:1      | Quh, the Demonspawn Hunter, began the quest for the Orb.
     0 | D:1      | Reached XP level 1. HP: 15/15 MP: 1/1
   236 | D:1      | Reached skill level 4 in Bows
   240 | D:1      | Gained mutation: You have sharp toenails. [demonic ancestry]
   240 | D:1      | Reached XP level 2. HP: 14/21 MP: 2/2
   982 | D:1      | Reached XP level 3. HP: 24/26 MP: 3/3
  1824 | D:2      | Reached skill level 5 in Bows
  1887 | D:2      | Gained mutation: A weak demonic guardian rushes to your aid. [demonic ancestry]
  1887 | D:2      | Reached XP level 4. HP: 28/32 MP: 4/4
  2490 | D:3      | Found a shattered altar of Ashenzari.
  2492 | D:3      | Found an opulent altar of Gozag.
  2492 | D:3      | Found a glowing silver altar of Zin.
  2494 | D:3      | Noticed an ogre
  2535 | D:3      | Gained mutation: You are partially covered in icy blue scales (AC +1). [demonic ancestry]
  2535 | D:3      | Reached XP level 5. HP: 23/37 MP: 5/5
  2714 | D:3      | Found an ancient bone altar of Kikubaaqudgha.
  2746 | D:3      | Reached skill level 6 in Bows
  3039 | D:3      | Reached XP level 6. HP: 33/43 MP: 6/6
  3324 | D:3      | Found a shadowy altar of Dithmenos.
  3325 | D:3      | Found a sparkling altar of Nemelex Xobeh.
  3468 | D:3      | Killed an ogre
  3474 | D:3      | Reached skill level 7 in Bows
  4172 | D:4      | Noticed Grinder
  4192 | D:4      | Paralysed by something for 4 turns
  4213 | D:4      | Killed from afar by Grinder

Action                   |  1- 3 |  4- 6 || total
-------------------------+-------+-------++-------
Melee: Short sword       |   146 |   175 ||   321
       Dagger            |       |    25 ||    25
       Shortbow          |       |     2 ||     2
 Fire: Shortbow          |    34 |    36 ||    70
  Use: Scroll            |       |     3 ||     3
       Potion            |       |     1 ||     1
 Stab: Sleeping          |     1 |       ||     1
